[Event "*** Titled Tuesday Blitz"]
[Site "Chess.com"]
[Date "2020.05.26"]
[Round "5"]
[White "MasterKroket"]
[Black "aNaartjieZA"]
[Result "0-1"]
[WhiteElo "2415"]
[BlackElo "2586"]
[TimeControl "180+1"]
[EndTime "10:56:22 PDT"]
[Termination "aNaartjieZA won by checkmate"]

1. d4 Nf6 2. c4 c5 3. d5 e5 4.
Nc3 d6 5. Bg5 Be7 6. h4 h6 7. Bxf6 Bxf6 8. h5 Be7 9. Qc2 f5 10.
Nf3 O-O 11. e3 Bf6 12. Be2 Na6 13. a3 Nc7 14. O-O-O a6 15. Rdg1 e4 16. Nd2 b5 17.
g4 b4 18. Nd1 bxa3 19. bxa3 Ne8 20. Kb1 Qa5 21. Ka2 Rb8 22. gxf5 Bxf5 23. Bg4 Bh7 24. Be6+ Kh8 25. Rg4 Nc7 26. Nxe4 Be5 27. Rhg1 Rb6 28.
f4 Bxe4 29. fxe5 Bxc2 30. Rxg7 Nxe6 31. dxe6 Bb3+ 32. Kb2 Bxd1+ 33. Kc1 Qc3+ 34. Kxd1 Rb1+ 35. Ke2 Qc2# 0-1

[Event "*** Titled Tuesday Blitz"]
[Site "Chess.com"]
[Date "2020.05.26"]
[Round "5"]
[White "chenxiaoyuer"]
[Black "WinstonSilvakov"]
[Result "1-0"]
[WhiteElo "2310"]
[BlackElo "2099"]
[TimeControl "180+1"]
[EndTime "10:56:22 PDT"]
[Termination "chenxiaoyuer won by resignation"]

1. e4 Nf6 2. e5 Nd5 3. d4 d6 4. c4 Nb6 5. exd6 cxd6 6. Nc3 g6 7. Be3 Bg7 8. Rc1 O-O 9. Nf3 Nc6 10. Be2 Bg4 11. b3 e5 12. d5 Ne7 13. O-O Nd7 14.
Ng5 Bxe2 15. Qxe2 Nf5 16. Nge4 Qe7 17. b4 Nxe3 18. Qxe3 b6 19. Nb5 f5 20. Nec3 f4 21.
Qf3 a6 22. Nc7 Rac8 23. Ne6 Rf7 24. Ne4 h6 25. Qg4 Nf6 26. Nxf6+ Qxf6 27. Nxg7 Rcf8 28. Ne6 Re8 29. Qf3 g5 30. Qe4 Qf5 31. Qxf5 Rxf5 32. Nc7 e4 33. Nxe8 1-0

[Event "*** Titled Tuesday Blitz"]
[Site "Chess.com"]
[Date "2020.05.26"]
[Round "5"]
[White "FairChess_on_YouTube"]
[Black "Kostya_Nikologorskiy"]
[Result "1-0"]
[WhiteElo "3023"]
[BlackElo "2714"]
[TimeControl "180+1"]
[EndTime "10:56:23 PDT"]
[Termination "FairChess_on_YouTube won by resignation"]

1. e4 e6 2. d4 d5 3. Nc3 Bb4 4.
Qd3 dxe4 5. Qxe4 Nf6 6. Qh4 c5 7. dxc5 Qa5 8. Bd2 Qxc5 9. O-O-O O-O 10. Bd3 e5 11. Nf3 Nbd7 12. Rhe1 b6 13. Ne4 Bxd2+ 14. Rxd2 Qc7 15. Nxe5 h6 16. Nxd7 Nxd7 17. Qe7 Qe5 18. Nd6 Qxe7 19. Rxe7 Nc5 20. Bc4 Be6 21. b4 Bxc4 22.
bxc5 Bxa2 23. c6 Be6 24. c7 a5 25. Kb2 a4 26. Ka3 g6 27. c4 Kg7 28. Ne4 Bxc4 29. Rdd7 b5 30. Nd6 b4+ 31. Kxb4 a3 32.
Nxc4 a2 33. Re1 a1=Q 34. Rxa1 Rxa1 35. Rd8 Ra8 36. Rxa8 Rxa8 37. Nb6 Re8 1-0

[Event "*** Titled Tuesday Blitz"]
[Site "Chess.com"]
[Date "2020.05.26"]
[Round "5"]
[White "nihalsarin"]
[Black "relaxx87"]
[Result "1-0"]
[WhiteElo "3028"]
[BlackElo "2671"]
[TimeControl "180+1"]
[EndTime "10:56:24 PDT"]
[Termination "nihalsarin won by resignation"]

1. e4 c5 2. Nf3 d6 3. d4 cxd4 4. Nxd4 Nf6 5. Bc4 e6 6. Bd3 a6 7. O-O Qc7 8. Re1 Be7 9. c4 b6 10. Nc3 Bb7 11. b3 b5 12. Bb2 bxc4 13. Bxc4 Nbd7 14. Rc1 Qa5 15. Nxe6 fxe6 16. Bxe6 Qg5 17.
Nd5 Bxd5 18. exd5 Nc5 19. Rxc5 dxc5 20. d6 Rd8 21. Bc4 Rd7 22. Qe2 Nd5 23. h4 Nf4 24.
hxg5 Nxe2+ 25. Rxe2 Rxd6 26. Bxg7 Rf8 27. Bxf8 Kxf8 28. f4 a5 29. Kf2 h6 30. gxh6 Rxh6 31. a4 Rh1 32. Kf3 Bd6 33. Re6 Rd1 34. g4 Rd4 35.
Re4 Rd2 36. g5 Kg7 37. f5 Rd1 38. Re6 Rd4 39. Rg6+ Kf8 40. f6 Ke8 41. Rg8+ Kd7 42. Rg7+ Kc6 43. f7 Rf4+ 44. Ke3 Rf5 45. Rg6 Kd7 46. Be6+ 1-0

[Event "*** Titled Tuesday Blitz"]
[Site "Chess.com"]
[Date "2020.05.26"]
[Round "5"]
[White "MFguimaraes"]
[Black "Everyfishknows"]
[Result "1-0"]
[WhiteElo "2507"]
[BlackElo "2341"]
[TimeControl "180+1"]
[EndTime "10:56:24 PDT"]
[Termination "MFguimaraes won on time"]

1. e4 e5 2. Nf3 Nc6 3. Bc4 Nf6 4. Ng5 d5 5. exd5 Na5 6. Bb5+ c6 7. dxc6 bxc6 8.
Qf3 Be7 9. Bxc6+ Nxc6 10. Qxc6+ Bd7 11. Qa6 O-O 12. Nc3 Rc8 13. Qe2 Bc6 14. O-O Qc7 15.
d3 Rfe8 16. Nge4 Nd5 17. Nxd5 Bxd5 18. c4 Ba8 19. Nc3 Bc5 20. Be3 Bd4 21. f3 Qb6 22. Rfe1 Bc6 23. Ne4 Rcd8 24. Rab1 f5 25. Nf2 h6 26. b4 Ba8 27. a4 a5 28. bxa5 Qxa5 29. Bxd4 Rxd4 30. Rb5 Qc3 31. Rxe5 Rf8 32. Re7 Rd6 33. Qe5 Qxe5 34. R1xe5 Ra6 35. a5 Bc6 36. Rc7 1-0

[Event "*** Titled Tuesday Blitz"]
[Site "Chess.com"]
[Date "2020.05.26"]
[Round "5"]
[White "ftorodent"]
[Black "Indianlad"]
[Result "0-1"]
[WhiteElo "2662"]
[BlackElo "2976"]
[TimeControl "180+1"]
[EndTime "10:56:25 PDT"]
[Termination "Indianlad won by resignation"]

1. d4 Nf6 2. c4 e6 3. Nf3 d5 4. Nc3 Be7 5. Bf4 O-O 6. e3 Nbd7 7. c5 Ne4 8. Rc1 Nxc3 9. Rxc3 b6 10. cxb6 c5 11. Bc7 Qe8 12. Bb5 axb6 13. O-O Ba6 14.
Qa4 Qc8 15. Bg3 Bxb5 16. Qxb5 Rxa2 17. Rfc1 c4 18. Ne5 Nxe5 19. Bxe5 Qb7 20. b4 Rb2 21. Qa4 b5 22. Qa1 Rxb4 23. Ra3 Ra4 24. Rxa4 bxa4 25.
Qxa4 Ra8 26. Qc2 f6 27. Bg3 Qb3 28. h3 Qxc2 29. Rxc2 Ra6 30. Kf1 Bd6 31. Bxd6 Rxd6 32. Ra2 h5 33. g4 h4 34. Ke2 Rb6 35. Ra7 Kf8 36. Kf3 Rc6 37. Ke2 Rb6 38. Kf3 Rb1 39. g5 fxg5 40. Kg4 Rg1+ 41. Kh5 Rg2 42. f4 gxf4 43. exf4 Rf2 44. Kg4 Rd2 45. f5 Rxd4+ 46. Kg5 exf5 47. Kxf5 Rd3 48. Ke6 Kg8 49. Rd7 c3 0-1

[Event "*** Titled Tuesday Blitz"]
[Site "Chess.com"]
[Date "2020.05.26"]
[Round "5"]
[White "Hydrargyrum_Girl"]
[Black "CaspiIsrael"]
[Result "1-0"]
[WhiteElo "2374"]
[BlackElo "2599"]
[TimeControl "180+1"]
[EndTime "10:56:25 PDT"]
[Termination "Hydrargyrum_Girl won by resignation"]

1. d4 f5 2. Nc3 Nf6 3. Bg5 d5 4. f3 c5 5. e4 fxe4 6. fxe4 cxd4 7. Qxd4 Nc6 8. Bb5 dxe4 9. Qxd8+ Kxd8 10. Bxc6 bxc6 11. O-O-O+ Kc7 12. Nge2 Bf5 13. Ng3 Bg6 14. Rhe1 e5 15. Ngxe4 Be7 16. Rf1 Rhf8 17. g4 Rae8 18. Ng3 Ng8 19. Bxe7 Nxe7 20. h4 h6 21. h5 Bh7 22.
Rde1 Rxf1 23. Rxf1 Bg8 24. Nce4 Nd5 25. Nf5 Rf8 26. Rf2 Bh7 27. Nxg7 Nf4 28. Rxf4 Rxf4 29. Ne6+ Kd7 30. Nxf4 Bxe4 31. Nd3 Kd6 32. Kd2 Bf3 33. Nf2 e4 34. Ke3 Ke5 35. b4 a6 36. a4 Kd5 37. g5 Bxh5 38. gxh6 Bg6 39. Ng4 Bf5 40. Nf6+ Kc4 41. Kf4 Bg6 42. Nd7 Kxb4 43. Nf8 e3 44. Nxg6 e2 45. Ne5 Kc3 46. Nf3 Kxc2 47. h7 e1=Q 48. Nxe1+ 1-0

[Event "*** Titled Tuesday Blitz"]
[Site "Chess.com"]
[Date "2020.05.26"]
[Round "5"]
[White "Two_Towers_Krakow"]
[Black "Saloni1299"]
[Result "0-1"]
[WhiteElo "2418"]
[BlackElo "2312"]
[TimeControl "180+1"]
[EndTime "10:56:25 PDT"]
[Termination "Saloni1299 won by checkmate"]

1. d4 Nf6 2. c4 g6 3. Nc3 d5 4. cxd5 Nxd5 5. e4 Nxc3 6. bxc3 Bg7 7. Bc4 c5 8. Ne2 Nc6 9. Be3 O-O 10. O-O Qa5 11. Rb1 a6 12. Bd5 cxd4 13. cxd4 Qc7 14. Qc2 Bd7 15. Rfc1 Rac8 16. Qd2 e6 17. Bxc6 Bxc6 18. f3 Qd7 19. Nc3 b5 20. d5 exd5 21. Nxd5 Bxd5 22. exd5 Rfd8 23. Bg5 f6 24.
Rxc8 Rxc8 25. Bf4 Rc4 26. Re1 f5 27. Be5 Bxe5 28. Rxe5 Qd6 29. f4 Qc5+ 30. Kf1 Rc1+ 31. Re1 Qc4+ 32. Kf2 Qc5+ 33. Qe3 Rc2+ 34. Re2 Rxe2+ 35.
Kxe2 Qxd5 36. Qe8+ Kg7 37. Qe7+ Qf7 38. Qd6 Qf6 39. Qa3 Kh6 40. Qa5 Qe6+ 41. Kf2 Qc6 42. Qd8 Qc2+ 43. Kg3 Qc3+ 44. Kh4 Qe1+ 45. g3 Qb4 46. Qf6 Qc5 47. h3 a5 48. g4 Qf2# 0-1

[Event "*** Titled Tuesday Blitz"]
[Site "Chess.com"]
[Date "2020.05.26"]
[Round "5"]
[White "mamey78"]
[Black "barbara25"]
[Result "1-0"]
[WhiteElo "2398"]
[BlackElo "2199"]
[TimeControl "180+1"]
[EndTime "10:56:25 PDT"]
[Termination "mamey78 won by resignation"]

1. e4 c5 2. Nf3 d6 3. d4 cxd4 4. Nxd4 Nf6 5. Nc3 a6 6. Bg5 e6 7. f4 Qb6 8. Qd2 Nc6 9. O-O-O Nxd4 10. Qxd4 Qxd4 11. Rxd4 Be7 12. Na4 Bd7 13. Nb6 Rd8 14. Nxd7 Rxd7 15. Bc4 h6 16. Bh4 d5 17. exd5 Nxd5 18.
Bxe7 Kxe7 19. Re1 Rhd8 20. f5 b5 21. Bb3 Rd6 22. Rg4 g5 23. fxe6 Rxe6 24. Rge4 Rd6 25. c4 bxc4 26. Bxc4 a5 27. b3 Rxe4 28. Rxe4+ Kd7 29. Rd4 Nf4 30. Rxd6+ Kxd6 31. g3 Nd5 32. Bxd5 Kxd5 33. g4 Kd6 34. Kd2 f6 35. Kd3 Kd5 36.
a3 Ke5 37. b4 a4 38. Kc4 Kf4 39. b5 Kxg4 40. b6 f5 41. b7 f4 42. b8=Q f3 43. Qg3+ 1-0

[Event "*** Titled Tuesday Blitz"]
[Site "Chess.com"]
[Date "2020.05.26"]
[Round "5"]
[White "Irochka83"]
[Black "H3nriqueTV"]
[Result "1-0"]
[WhiteElo "2397"]
[BlackElo "2195"]
[TimeControl "180+1"]
[EndTime "10:56:25 PDT"]
[Termination "Irochka83 won by checkmate"]

1. d4 d5 2. c4 c6 3. cxd5 cxd5 4.
Bf4 Nc6 5. e3 Nf6 6. Nc3 a6 7.
Bd3 e6 8. Rc1 Bd6 9. Bxd6 Qxd6 10. f4 b5 11. Nf3 O-O 12. O-O Na5 13. Ne5 Nc4 14. Qe2 Bd7 15. g4 Rac8 16. g5 Ne8 17. Rf3 f5 18. gxf6 Nxf6 19. Rh3 b4 20. Bxh7+ Nxh7 21. Qh5 Nxe5 22. Qxh7+ Kf7 23. fxe5 Qe7 24. Rf1+ Ke8 25.
Qg6+ Kd8 26. Rxf8+ Qxf8 27. Ne2 Bb5 28. Nf4 Rc1+ 29.
Kf2 Rf1+ 30. Kg2 Rxf4 31. Qg5+ Rf6 32. exf6 gxf6 33. Qg3 Kd7 34. Rh7+ Ke8 35. Qb8# 1-0

[Event "*** Titled Tuesday Blitz"]
[Site "Chess.com"]
[Date "2020.05.26"]
[Round "5"]
[White "tan275"]
[Black "Dmitry_M1"]
[Result "0-1"]
[WhiteElo "2194"]
[BlackElo "2394"]
[TimeControl "180+1"]
[EndTime "10:56:25 PDT"]
[Termination "Dmitry_M1 won by resignation"]

1. d4 Nf6 2. c4 c5 3. d5 e5 4. Nc3 d6 5. e4 Be7 6. g3 O-O 7. Bg2 a6 8. a4 b6 9. Nge2 Ra7 10. O-O Ne8 11. f4 exf4 12. Bxf4 Bf6 13. Qd2 Nd7 14. Nc1 Qe7 15. Nd3 Ne5 16. Bxe5 Bxe5 17. Nxe5 Qxe5 18. Ne2 Nf6 19. Ra3 Nxe4 20. Bxe4 Qxe4 21. Rf4 Qe8 22. Raf3 Re7 23. Rf2 Qxa4 24. Nc3 Qe8 25. Kg2 b5 26. cxb5 axb5 27. Qc2 Bb7 28. Qf5 Re5 29. Qd3 b4 30. Nb5 Rxd5 31. Qf3 Qxb5 32. Rxf7 Rf5 33. Rxf5 Rxf5 34. Qxb7 Qxb7+ 0-1

[Event "*** Titled Tuesday Blitz"]
[Site "Chess.com"]
[Date "2020.05.26"]
[Round "5"]
[White "ChessTraining77"]
[Black "Cocaino74"]
[Result "1/2-1/2"]
[WhiteElo "2526"]
[BlackElo "2365"]
[TimeControl "180+1"]
[EndTime "10:56:26 PDT"]
[Termination "Game drawn - insufficient material"]

1. e4 c5 2. Nf3 Nc6 3. Bb5 g6 4.
c3 Nf6 5. Qe2 Bg7 6. d4 d5 7. e5 Ne4 8. O-O O-O 9. Rd1 cxd4 10.
cxd4 Qb6 11. Nc3 Nxc3 12. bxc3 Bf5 13. Nh4 Bd7 14. f4 Nxd4 15. cxd4 Qxb5 16. Qf2 Rac8 17. f5 Qa4 18. Be3 Qc2 19. e6 fxe6 20. Qxc2 Rxc2 21. fxg6 Re2 22. Re1 Rxe3 23. Rxe3 Bxd4 24. Re1 Rf4 25. gxh7+ Kxh7 26. Nf3 Bxe3+ 27. Rxe3 Kg7 28. h4 Bc6 29. Ne5 Kf6 30. g3 Re4 31. Rxe4 dxe4 32. Nc4 Bd5 33. Ne3 Bxa2 34. g4 a5 35. g5+ Kg6 36. Kf2 a4 37. Kg3 a3 38. Nc2 Bc4 39. Nxa3 Be2 40. Nc2 b5 41. Nd4 Bd1 42. Nxb5 e3 43.
Nd4 Bh5 44. Nxe6 e2 45. Nf4+ Kf5 46. Nd3 Ke4 47. Ne1 Ke3 48. Kg2 Kd2 49. Kf2 e5 50.
Ng2 e4 51. Kg3 e1=Q+ 52. Nxe1 Kxe1 53. Kf4 Kf2 54. Kxe4 Kg3 55. Kf5 Kxh4 56. g6 Bxg6+ 1/2-1/2

[Event "*** Titled Tuesday Blitz"]
[Site "Chess.com"]
[Date "2020.05.26"]
[Round "5"]
[White "AradNazari"]
[Black "GMJustin"]
[Result "0-1"]
[WhiteElo "2440"]
[BlackElo "2323"]
[TimeControl "180+1"]
[EndTime "10:56:26 PDT"]
[Termination "GMJustin won on time"]

1. e4 e5 2. Nf3 Nc6 3. Bb5 Bc5 4. c3 Nge7 5. d4 exd4 6. cxd4 Bb4+ 7. Nc3 d5 8. e5 O-O 9. O-O Bg4 10. Be3 f6 11. Be2 Bxf3 12. Bxf3 fxe5 13. a3 exd4 14. Bxd4 Nxd4 15.
Qxd4 Bxc3 16. bxc3 c6 17. Rfe1 Nf5 18. Qg4 Qf6 19. c4 Nd4 20. cxd5 Nc2 21. dxc6 Nxa1 22. cxb7 Rae8 23. Qc4+ Kh8 24. Rf1 Qb2 25. Bc6 Rd8 26. Be4 Nb3 27. Qb5 Qc3 28. Qh5 g6 29. Bxg6 Qg7 30.
Be4 Nd2 0-1

[Event "*** Titled Tuesday Blitz"]
[Site "Chess.com"]
[Date "2020.05.26"]
[Round "5"]
[White "zurzan"]
[Black "talaicito"]
[Result "1-0"]
[WhiteElo "1934"]
[BlackElo "2142"]
[TimeControl "180+1"]
[EndTime "10:56:26 PDT"]
[Termination "zurzan won on time"]

1. f4 e5 2. fxe5 d6 3. exd6 Bxd6 4. Nf3 Nf6 5. e3 Bg4 6. Nc3 O-O 7. Be2 Nc6 8. d4 Re8 9. O-O Qe7 10. d5 Ne5 11.
Nxe5 Qxe5 12. g3 Bh3 13. Rf4 Bc5 14. Kh1 Rad8 15. e4 c6 16. Rh4 Bc8 17. Bf4 Qe7 18.
Bd3 h6 19. Qf3 Bd4 20. e5 Bxe5 21. Re1 Nd7 22. dxc6 bxc6 23. Ne4 Bb7 24. Qg4 Bxf4 25. gxf4 Nf6 26. Nxf6+ Qxf6 27. Rxe8+ Rxe8 28. Qf5 c5+ 29. Kg1 Qxf5 30. Bxf5 Re1+ 31. Kf2 Rb1 32. b3 a5 33. a4 Rh1 34. Bd3 g6 35. f5 Kg7 36.
fxg6 fxg6 37. Rc4 Rxh2+ 38. Kg3 Rh5 39. Kf2 1-0

[Event "*** Titled Tuesday Blitz"]
[Site "Chess.com"]
[Date "2020.05.26"]
[Round "5"]
[White "Thipsay"]
[Black "Leonid_Starozhilov"]
[Result "1/2-1/2"]
[WhiteElo "2469"]
[BlackElo "2666"]
[TimeControl "180+1"]
[EndTime "10:56:27 PDT"]
[Termination "Game drawn by repetition"]

1. e4 d6 2. d4 Nf6 3. Nc3 e5 4. Nf3 Nbd7 5. Bc4 Be7 6. O-O O-O 7. a4 a5 8. Re1 Nb6 9. Bb3 Nfd7 10. Be3 exd4 11.
Nxd4 Nc5 12. Ndb5 c6 13. Bxc5 dxc5 14. Na3 Qxd1 15. Raxd1 Be6 16. Bxe6 fxe6 17. g3 c4 18. Re2 Rad8 19. Red2 Rxd2 20. Rxd2 Bb4 21. Nab1 Kf7 22. Kf1 Ke7 23. Ke2 g5 24. f3 h6 25. Rd4 Bc5 26. Rd1 Bb4 27. Rd4 Nd7 28. Na3 Ne5 29. Nxc4 Nxf3 30. Rd1 Nxh2 31. Ne5 Rd8 32. Rh1 Kf6 33. Rxh2 Kxe5 34. Rxh6 Bxc3 35. bxc3 Rg8 36. Ke3 b5 37. Rh7 Ra8 38. Rh1 bxa4 39. Ra1 Kd6 40. Rxa4 Kc5 41.
c4 e5 42. c3 Kb6 43. Kf3 Kc5 44. Kg4 Kb6 45. Kxg5 Rg8+ 46. Kf5 Rxg3 47. Kxe5 Rxc3 48.
Kd4 Rc1 49. e5 Rd1+ 50. Ke3 Re1+ 51. Kd4 Rd1+ 52. Kc3 Re1 53. Kd4 Rd1+ 1/2-1/2

[Event "*** Titled Tuesday Blitz"]
[Site "Chess.com"]
[Date "2020.05.26"]
[Round "5"]
[White "praveenb2002"]
[Black "penguingm1"]
[Result "0-1"]
[WhiteElo "2755"]
[BlackElo "2874"]
[TimeControl "180+1"]
[EndTime "10:56:28 PDT"]
[Termination "penguingm1 won on time"]

1. e4 e5 2. Nf3 Nc6 3. Bb5 a6 4. Ba4 Nf6 5. O-O Be7 6. d3 b5 7.
Bb3 d6 8. a3 Na5 9. Ba2 Be6 10.
Bxe6 fxe6 11. b4 Nc6 12. Bb2 O-O 13. Nbd2 Qe8 14. c4 Nh5 15. g3 Qg6 16. Rc1 Bd8 17. cxb5 Ne7 18. bxa6 Nf4 19. Nc4 Rxa6 20. Ne3 Ra8 21.
Nh4 Qh6 22. gxf4 Qxh4 23. fxe5 h5 24. exd6 cxd6 25. Kh1 Ng6 26. Ng2 Qh3 27. f4 Bf6 28. d4 e5 29. dxe5 dxe5 30. fxe5 Bg5 31. Qd5+ Kh7 32.
Rcd1 Rad8 33. Qc5 Rxf1+ 34. Rxf1 Rd2 35. Rg1 Bf4 0-1

[Event "*** Titled Tuesday Blitz"]
[Site "Chess.com"]
[Date "2020.05.26"]
[Round "5"]
[White "talman67"]
[Black "El_ultimo_Pablo"]
[Result "0-1"]
[WhiteElo "2554"]
[BlackElo "2418"]
[TimeControl "180+1"]
[EndTime "10:56:28 PDT"]
[Termination "El_ultimo_Pablo won by resignation"]

1. e4 e5 2. Nf3 Nc6 3. Bb5 a6 4. Ba4 Nf6 5. O-O Be7 6. Re1 b5 7. Bb3 O-O 8. c3 d5 9. exd5 Nxd5 10. Nxe5 Nxe5 11. Rxe5 c6 12. d3 Bd6 13. Re1 Bf5 14. Qf3 Re8 15. Rxe8+ Qxe8 16. Nd2 Qe1+ 17. Nf1 Bg6 18.
Bc2 Nxc3 19. bxc3 Qxc3 20. Bb3 Qxa1 21. Qxc6 Rd8 22. Bg5 Bxd3 23. Bc1 Qe5 24. Bxf7+ Kxf7 25. Qf3+ Qf5 26. Qb7+ Rd7 27. Qxa6 Bxf1 28. Qc6 Bc4 29. h3 Qe6 30. Qf3+ Kg8 31. Be3 Bf8 32. Bf4 Bxa2 33.
Bg3 Rf7 34. Qd3 Bc4 35. Qb1 b4 36. Qb2 b3 37. Qc3 Bd5 38. Kh2 h6 39. Kg1 Qf6 40.
Qd2 b2 41. Qd1 Be4 0-1

[Event "*** Titled Tuesday Blitz"]
[Site "Chess.com"]
[Date "2020.05.26"]
[Round "5"]
[White "FrogMist"]
[Black "Savagelittlemole"]
[Result "0-1"]
[WhiteElo "2355"]
[BlackElo "2528"]
[TimeControl "180+1"]
[EndTime "10:56:28 PDT"]
[Termination "Savagelittlemole won on time"]

1. e4 c5 2. Nf3 d6 3. d4 cxd4 4. Nxd4 Nf6 5. Nc3 a6 6. Bg5 Nbd7 7. Qe2 e5 8. Nf5 g6 9. Ne3 h6 10. Bh4 Be7 11. O-O-O O-O 12. Bg3 b5 13. f3 Bb7 14.
Qd2 Rc8 15. Kb1 Nc5 16. Be2 Ne6 17. Ned5 Nxd5 18. Nxd5 Bxd5 19. exd5 Nd4 20. Bd3 Bg5 21. f4 exf4 22. Bxf4 Re8 23. Rhe1 Rxe1 24. Rxe1 Qf6 25. Bxg5 hxg5 26. c3 Nf5 27. Qf2 Kg7 28. Rf1 Qe5 29. Bxf5 gxf5 30. Qxf5 Qxf5+ 31. Rxf5 Kg6 32. Rf2 Re8 33.
Kc2 Re5 34. Rd2 f5 35. Kb3 Re4 36. g3 Kf6 37. Kc2 Ke5 38. b3 f4 39. gxf4+ gxf4 0-1

[Event "*** Titled Tuesday Blitz"]
[Site "Chess.com"]
[Date "2020.05.26"]
[Round "5"]
[White "SCIM"]
[Black "ljuks68"]
[Result "1-0"]
[WhiteElo "2519"]
[BlackElo "2332"]
[TimeControl "180+1"]
[EndTime "10:56:29 PDT"]
[Termination "SCIM won on time"]

1. d4 d5 2. c4 c6 3. Nf3 Nf6 4. e3 e6 5. Bd3 dxc4 6. Bxc4 b5 7. Bd3 a6 8. e4 c5 9. e5 Nd5 10. O-O Nc6 11. Nc3 cxd4 12. Ne4 Be7 13. a4 bxa4 14. Qxa4 Bd7 15. Qd1 Ndb4 16. Bb1 O-O 17. Nxd4 Nxe5 18. Re1 Ng6 19. Qh5 Be8 20. Nf3 Qd5 21. Neg5 h6 22.
Be4 Qb5 23. Bxa8 hxg5 24. Nxg5 Bxg5 25. Qxg5 Nc2 26. Bd2 Nxa1 27. Rxa1 Qxb2 28. Re1 f6 29. Qe3 Bf7 30. Be4 Ne5 31. Bc3 Qb3 32. Rb1 Qa2 33. Bxe5 fxe5 34. h4 Qc4 35. Rc1 Qd4 36.
Qe2 1-0

[Event "*** Titled Tuesday Blitz"]
[Site "Chess.com"]
[Date "2020.05.26"]
[Round "5"]
[White "Misha_Bilous"]
[Black "IMinTheWings"]
[Result "1-0"]
[WhiteElo "2461"]
[BlackElo "2119"]
[TimeControl "180+1"]
[EndTime "10:56:29 PDT"]
[Termination "Misha_Bilous won by checkmate"]

1. d4 Nf6 2. c4 e6 3. Nf3 c5 4. d5 b5 5. dxe6 fxe6 6. cxb5 d5 7. g3 Bd6 8. Bg2 O-O 9. O-O a6 10.
bxa6 Bxa6 11. Re1 Nbd7 12. Nbd2 e5 13. e4 d4 14. Bf1 Kh8 15. Bxa6 Rxa6 16. Nc4 Nb6 17.
Ncxe5 Qa8 18. Qd3 Rxa2 19. Rxa2 Qxa2 20. Bg5 Qe6 21. Nc6 Bxg3 22. hxg3 Qxc6 23. Nd2 Ng4 24.
Rf1 h6 25. Bf4 g5 26. f3 gxf4 27. fxg4 Qd6 28. Qf3 c4 29. gxf4 Qb4 30. Qg2 Qxb2 31. Qh2 Kg7 32. f5 d3 33. e5 Qd4+ 34. Kh1 Qd5+ 35. Nf3 c3 36. f6+ Kg6 37. Qh5+ Kh7 38. Kh2 d2 39. Ng5+ Kg8 40. Qg6+ Kh8 41. Qg7# 1-0

[Event "*** Titled Tuesday Blitz"]
[Site "Chess.com"]
[Date "2020.05.26"]
[Round "5"]
[White "TheBigBadChessDad"]
[Black "Tsyhanchuk_Stanislav"]
[Result "0-1"]
[WhiteElo "2236"]
[BlackElo "2426"]
[TimeControl "180+1"]
[EndTime "10:56:29 PDT"]
[Termination "Tsyhanchuk_Stanislav won on time"]

1. d4 Nf6 2. Nf3 g6 3. Bg5 Bg7 4. Nbd2 d5 5. e3 c5 6. c3 O-O 7. Be2 b6 8. h3 Bb7 9. O-O Nc6 10. a3 h6 11. Bf4 Re8 12. Bh2 Ne4 13. Nxe4 dxe4 14. Nd2 cxd4 15. exd4 e5 16. d5 Qxd5 17. Bc4 Qc5 18. b4 Qe7 19. Nxe4 Rad8 20. Qb3 Nxb4 21.
axb4 Bxe4 22. f4 Bd3 23. Bxd3 Rxd3 24. fxe5 Rc8 25. Rac1 Rd2 26. Rc2 Rxc2 27. Qxc2 Bxe5 28. Bxe5 Qxe5 29. Qf2 Qe6 30. Qd4 Re8 31. Rd1 Qe3+ 0-1

[Event "*** Titled Tuesday Blitz"]
[Site "Chess.com"]
[Date "2020.05.26"]
[Round "5"]
[White "PawnEatingZombie"]
[Black "jonaszmb"]
[Result "0-1"]
[WhiteElo "2254"]
[BlackElo "2481"]
[TimeControl "180+1"]
[EndTime "10:56:30 PDT"]
[Termination "jonaszmb won on time"]

1. d4 d5 2. c4 Bf5 3. cxd5 Bxb1 4. Qa4+ c6 5. Rxb1 Qxd5 6. f3 Nf6 7. e4 Nxe4 8. Bc4 Qf5 9. fxe4 Qxe4+ 10. Ne2 Qxb1 11.
Qb3 Nd7 12. Bxf7+ Kd8 13. O-O Qe4 14. Nf4 Kc8 15. Ne6 Qd5 16. Qg3 Qd6 17. Bf4 Qb4 18. d5 c5 19. a3 Qxb2 20. Bb8 Qb6 21. Bc7 Qa6 22. Bd8 Qd6 23. Qc3 Qe5 24. Qc2 b6 25.
Rc1 Qe3+ 26. Kh1 Kb7 27. Nxf8 Rxf8 28. Bxe7 Qxe7 29. Be6 Qd6 30. a4 Ne5 31. a5 b5 32.
Qe2 a6 0-1

[Event "*** Titled Tuesday Blitz"]
[Site "Chess.com"]
[Date "2020.05.26"]
[Round "5"]
[White "MateSchmate"]
[Black "AGW2016"]
[Result "0-1"]
[WhiteElo "2386"]
[BlackElo "2224"]
[TimeControl "180+1"]
[EndTime "10:56:30 PDT"]
[Termination "AGW2016 won by resignation"]

1. e4 c5 2. Nf3 d6 3. d4 cxd4 4. Nxd4 Nf6 5. Nc3 Nc6 6. g3 e6 7. Bg2 Be7 8. O-O O-O 9. Be3 Bd7 10. Nb3 a6 11. Qe2 b5 12. a3 Ne5 13. Rad1 Nc4 14. Bc1 Qc7 15. Qe1 Rac8 16. f4 Nxa3 17. e5 dxe5 18.
fxe5 Nxc2 19. Qd2 Ng4 20. Qxc2 b4 21. Qd2 bxc3 22. Qxd7 cxb2 23. Bxb2 Ne3 24. Qxc7 Rxc7 25. Rc1 Rxc1 26. Rxc1 Nxg2 27. Kxg2 Rb8 28. Rc3 a5 29. Bc1 a4 30. Nc5 a3 31. Bxa3 Rc8 32. Kf3 g6 33. Ke4 h6 34. g4 Kh7 35. Bb4 Rb8 36. Rc4 Rxb4 37. Rxb4 Bxc5 38. Rb2 g5 39. h4 gxh4 40. Rh2 Kg6 41. Rxh4 Be7 42. Rh5 Bg5 43. Kd4 f6 44. exf6 Kxf6 45. Ke4 Bc1 46. Rh3 Bg5 47. Rf3+ Ke7 48.
Ke5 Bh4 49. Rb3 Bf6+ 50. Ke4 Bg5 51. Rb7+ Kf6 52. Rb8 Bh4 53. Rg8 Bg5 54. Rh8 Ke7 55.
Rh7+ Kf6 56. Kd4 Kg6 57. Rh8 Bf6+ 0-1

[Event "*** Titled Tuesday Blitz"]
[Site "Chess.com"]
[Date "2020.05.26"]
[Round "5"]
[White "NotFischer"]
[Black "Quattroporte300"]
[Result "0-1"]
[WhiteElo "2140"]
[BlackElo "2315"]
[TimeControl "180+1"]
[EndTime "10:56:30 PDT"]
[Termination "Quattroporte300 won on time"]

1. e4 e5 2. Bc4 Nf6 3. d3 c6 4.
Nf3 d5 5. Bb3 a5 6. a4 Bb4+ 7. c3 Bd6 8. exd5 cxd5 9. O-O O-O 10. Bg5 Be6 11. Re1 Nbd7 12. Na3 Ra6 13. Nb5 Bb8 14.
h3 h6 15. Bh4 Re8 16. Qd2 Nc5 17. Bc2 Bf5 18. c4 dxc4 19. d4 Bxc2 20. dxc5 Qxd2 21.
Nxd2 Bd3 22. Rac1 e4 23. Bxf6 gxf6 24. f3 Bf4 25. Nxe4 Bxe4 26. fxe4 Bxc1 27. Rxc1 Rxe4 28.
Nd6 Re5 29. Nxb7 Rc6 30. Rxc4 Rc7 31. c6 Kf8 32. Nd6 Re6 33. Nb7 Rcxc6 34. Rd4 Rc1+ 35. Kh2 Re2 36. Nxa5 Rcc2 37. Rg4 f5 38. Rg3 f4 39. Rg4 h5 40. Rg5 f6 41. Rg6 Kf7 0-1

[Event "*** Titled Tuesday Blitz"]
[Site "Chess.com"]
[Date "2020.05.26"]
[Round "5"]
[White "124chess"]
[Black "ChessWarrior7197"]
[Result "0-1"]
[WhiteElo "2770"]
[BlackElo "2914"]
[TimeControl "180+1"]
[EndTime "10:56:31 PDT"]
[Termination "ChessWarrior7197 won by resignation"]

1. d4 d5 2. Nf3 e6 3. c4 c5 4.
cxd5 exd5 5. Nc3 Nc6 6. g3 Nf6 7. Bg2 cxd4 8. Nxd4 Bc5 9. Nb3 Bb6 10. O-O d4 11.
Na4 O-O 12. Bg5 Re8 13. Re1 h6 14. Nxb6 axb6 15. Bxf6 Qxf6 16. Bxc6 bxc6 17. Qxd4 Qd8 18. Qc3 c5 19. Rad1 Qe7 20. a3 Ba6 21. e4 Rad8 22. f3 Rd7 23. Rd2 Rxd2 24. Nxd2 Rd8 25. Nc4 Qe6 26. Ne3 Rd3 27. Qc2 Qb3 28. Qf2 h5 29.
Kg2 Bb7 30. Nf5 g6 31. Ne3 b5 32. Re2 c4 33. g4 h4 34. g5 Bc8 35. Nd5 h3+ 36. Kg3 Be6 37. Nf6+ Kg7 38. Rd2 b4 39. axb4 Qxb4 40. Rxd3 cxd3 41. Qa7 d2 42. Qa8 Qf8 43. Qb7 d1=Q 0-1

[Event "*** Titled Tuesday Blitz"]
[Site "Chess.com"]
[Date "2020.05.26"]
[Round "5"]
[White "wonderfultime"]
[Black "JTCoach"]
[Result "1-0"]
[WhiteElo "2963"]
[BlackElo "2659"]
[TimeControl "180+1"]
[EndTime "10:56:31 PDT"]
[Termination "wonderfultime won on time"]

1. d4 Nf6 2. Nf3 d5 3. Bf4 c5 4. c3 Nc6 5. e3 Qb6 6. Qc2 Nh5 7. Be5 f6 8. dxc5 Qxc5 9. Bd4 Qa5 10. b4 Qc7 11. b5 Nxd4 12. exd4 e5 13. g3 e4 14.
Nfd2 f5 15. Be2 Nf6 16. c4 Bb4 17. Qb3 Ba5 18. O-O f4 19. cxd5 f3 20. Bc4 Qd7 21.
Re1 O-O 22. Nc3 Bxc3 23. Qxc3 Qg4 24. Qe3 Qh5 25. h4 Bf5 26. Qg5 Qg6 27. Rac1 Rad8 28. Bb3 Rd6 29. Nc4 Rdd8 30. Ne5 Qxg5 31. hxg5 Nxd5 32.
Rc5 Be6 33. Rxe4 b6 34. Rc6 Bf5 35. Rf4 Kh8 36. Bxd5 1-0